 Dungeon Crawl Stone Soup version 0.28.0-53-g5a82cb258f (webtiles) character file.

Game seed: 12095566101569410087

149 issech the Skirmisher (level 5, 0/47 HPs)
             Began as a Minotaur Monk on June 6, 2022.
             Killed from afar by Natasha (5 damage)
             ... with a magic dart
             ... on level 3 of the Dungeon.
             The game lasted 00:06:08 (2335 turns).

issech the Skirmisher (Minotaur Monk)               Turns: 2335, Time: 00:06:09

Health: 0/47       AC:  5    Str: 16    XL:     5   Next: 9%
Magic:  4/4        EV: 12    Int:  7    God:
Gold:   88         SH:  0    Dex: 14    Spells: 4/4 levels left

rFire   . . .      SeeInvis .   f - +0 great sword
rCold   . . .      Faith    .   (shield currently unavailable)
rNeg    . . .      Spirit   .   e - +0 ring mail
rPois   .          Reflect  .   (helmet restricted)
rElec   .          Harm     .   (no cloak)
rCorr   .          Rampage  .   (no gloves)
Will    .....                   (no boots)
Stlth   +.........              (no amulet)
HPRegen 0.15/turn               (no ring)
MPRegen 0.09/turn               (no ring)

@: slowed, very slow
A: horns 2, retaliatory headbutt
a: no special abilities


You were on level 3 of the Dungeon.
You visited 1 branch of the dungeon, and saw 3 of its levels.

You collected 88 gold pieces.

Inventory:

Hand Weapons
 a - a +0 hand axe
 c - a +0 dagger of venom
 f - a +0 great sword (weapon)
 h - a +2 mace of holy wrath
Missiles
 d - 139 stones (quivered)
 o - 39 arrows
Armour
 b - a +0 robe
 e - a +0 ring mail (worn)
Scrolls
 g - a scroll of fog {unknown}
 m - a scroll of identify {unknown}
 p - a scroll of immolation {unknown}
Potions
 i - 2 potions of curing {unknown}
 j - 3 potions of might {unknown}
 k - 2 potions of heal wounds {unknown}
 l - a potion of attraction {unknown}
 n - a potion of lignification {unknown}
 q - a potion of degeneration {unknown}


   Skills:
 + Level 4.5 Fighting
 + Level 3.4 Long Blades
 + Level 4.4 Axes
 + Level 1.1 Armour
 + Level 3.7 Dodging
 + Level 1.9 Stealth


You had 4 spell levels left.
You didn't know any spells.
Your spell library contained the following spells:

 Spells                   Type           Power      Damage    Failure   Level
 Magic Dart               Conj           0%         1d3       65%         1
 Call Imp                 Summ           0%         N/A       80%         2
 Scorch                   Fire           0%         2d5       80%         2
 Mephitic Cloud           Conj/Pois/Air  0%         N/A       95%         3
 Flame Wave               Conj/Fire      0%         2d4       100%        4
 Summon Cactus Giant      Summ           0%         N/A       100%        6


Dungeon Overview and Level Annotations

Branches:
Dungeon (3/15)

Altars:
Trog

Annotations:
D:3 Natasha


Innate Abilities, Weirdness & Mutations

You have a pair of horns on your head.
You reflexively headbutt those who attack you in melee.


Message History

You kill the kobold!
Your Armour skill increases to level 1!
d - 139 stones (gained 5)
Things that are here:
a +0 dagger; a kobold corpse
i - 2 brown potions (gained 1)
q - a lumpy white potion
Things that are here:
a +0 dagger; a kobold corpse You now have 88 gold pieces (gained 8).
Found a stone staircase leading down.
An orc priest comes into view. It is wielding a +0 flail.
The orc priest shouts!
Natasha, Servant of Life and Death comes into view.
An orc priest comes into view. It is wielding a +0 dagger.
Natasha hisses angrily.
The orc priest shouts!
An orc comes into view. It is wielding a +0 whip.
An orc priest comes into view. It is wielding a +0 hand axe.
The orc priest invokes the aid of Beogh against you.
Beogh smites you!
The orc priest mumbles some strange prayers to Beogh against you.
Beogh smites you! The orc priest closely misses you.
You barely miss the orc priest. Natasha barely misses you.
The orc priest barely misses you.
The orc priest invokes the aid of Beogh against you.
Beogh smites you!
* * * LOW HITPOINT WARNING * * *
Natasha stares at you and mumbles some strange words.
You resist with some effort.
You slice the orc priest!!
You kill the orc priest!
Natasha claws you but does no damage.
You have reached level 5!
Natasha stares at you and mumbles some strange words.
You feel yourself slow down.
The orc priest casts a cantrip, but nothing happens.
Natasha casts a spell at you. The magic dart hits you.
You die...

#..#. #. #.#.# #. #.#.# #.
#.#.# #.. #. #.#.# #.# #.
#...# #.# #. ##..## ##.##
..####.####...### ##...#
...o>o)oh.@###..####.#.#.##
..######..## ##........##.#
##.# ##............ #.#
#....)...#.### ##.
#..####.#.## # #...###
#.### # .## #.# # # # #.# #
#.# #


You could see 2 orc priests, Natasha and an orc.

Vanquished Creatures
  An orc priest (D:3)
  Natasha (D:3)
  2 adders (D:3)
  A worm (D:2)
  6 bats
  10 endoplasms
  3 giant cockroaches (D:1)
  5 goblins
  9 hobgoblins
  4 jackals (D:1)
  7 kobolds
  2 quokkas
  9 ball pythons
  2 frilled lizards
  4 rats
66 creatures vanquished.

Notes
Turn   | Place    | Note
-------+----------+-------------------------------------------
     0 | D:1      | issech the Minotaur Monk began the quest for the Orb.
     0 | D:1      | Reached XP level 1. HP: 19/19 MP: 0/0
    84 | D:1      | Reached XP level 2. HP: 10/27 MP: 1/1
   248 | D:1      | Found a faded altar of an unknown god.
   720 | D:1      | Reached XP level 3. HP: 32/33 MP: 2/2
  1268 | D:2      | Reached skill level 1 in Long Blades
  1652 | D:2      | Reached XP level 4. HP: 41/41 MP: 3/3
  1953 | D:3      | Noticed Natasha
  1957 | D:3      | Killed Natasha
  2194 | D:3      | Found a bloodstained altar of Trog.
  2297 | D:3      | Reached skill level 1 in Armour
  2328 | D:3      | Noticed Natasha
  2333 | D:3      | Reached XP level 5. HP: 4/47 MP: 4/4
  2335 | D:3      | Killed from afar by Natasha

Illustrated notes

Levels and vault maps discovered:
D:1:      dpeg_arrival_tiny_j, layout_rooms, basic_ecumenical_altar,
          serial_bayou_ford_a, minmay_hexomino_c4
D:2:      layout_loops_ring, minivault_11, dk_vineyard_2, kennysheep_nub
D:3:      layout_loops_ring, trog_three_pillars_becter, uniq_ijyb, uniq_grinder,
          uniq_natasha

Skill      XL: |  1  2  3  4 |
---------------+-------------+-----
Axes           | 4 |  4.4
Fighting       | 4 |  4.5
Long Blades    | 1 3 |  3.4
Armour         | 1 |  1.1
Dodging        | |  3.7
Stealth        | |  1.9

Action                   |  1- 3 |  4- 6 || total
-------------------------+-------+-------++-------
Melee: Hand axe          |    16 |       ||    16
       Headbutt          |    12 |       ||    12
       Dagger            |    21 |       ||    21
       Great sword       |    40 |    22 ||    62
 Stab: Sleeping          |     2 |       ||     2
Armor: Robe              |    14 |       ||    14
       Ring mail         |    17 |     6 ||    23
Dodge: Dodged            |    71 |    25 ||    96
